 Dungeon Crawl Stone Soup version 0.28-a0-1114-g8eb0198dcf (webtiles) character file.

Game seed: 8111054261047301937

378 knfr the Vexing (level 6, -1/28 HPs)
             Began as a Spriggan Enchanter on Dec 11, 2021.
             Slain by a water moccasin skeleton (6 damage)
             ... on level 5 of the Dungeon.
             The game lasted 00:10:05 (6200 turns).

knfr the Vexing (Spriggan Enchanter)                Turns: 6200, Time: 00:10:06

Health: -1/28      AC:  2    Str:  6    XL:     6   Next: 45%
Magic:  16/16      EV: 21    Int: 17    God:
Gold:   23         SH:  0    Dex: 15    Spells: 9/17 levels left

rFire   . . .      SeeInvis +   a - +1 dagger
rCold   . . .      Faith    .   (shield restricted)
rNeg    . . .      Spirit   .   b - +0 robe
rPois   .          Reflect  .   (helmet restricted)
rElec   .          Harm     .   k - scarf {+Inv}
rCorr   .          Rampage  .   (gloves unavailable)
Will    +....                   (boots unavailable)
Stlth   +++.......              (no amulet)
HPRegen 0.09/turn               f - +4 ring of evasion
MPRegen 0.15/turn               (no ring)

@: very quick
A: very small, no large weapons, unfitting armour, see invisible, speed 3
a: Evoke Invisibility


You were on level 5 of the Dungeon.
You visited 1 branch of the dungeon, and saw 5 of its levels.

You collected 203 gold pieces.
You spent 180 gold pieces at shops.

Inventory:

Hand Weapons
 a - a +1 dagger (weapon)
 d - a +0 rapier
 e - the +7 trident "Goew" {protect, Fly}
   (You found it on level 4 of the Dungeon)

   It grants its wielder temporary protection when it strikes (+7 to AC).
   Fly:       It grants you flight.
Missiles
 j - 7 poisoned darts (quivered)
Armour
 b - a +0 robe (worn)
 k - a scarf of invisibility (worn)
Jewellery
 f - a +4 ring of evasion (left hand)
Scrolls
 l - a scroll of immolation
Potions
 g - a potion of mutation {unknown}
 h - 3 potions of flight
 i - a potion of brilliance {unknown}
 m - a potion of resistance {unknown}


   Skills:
 - Level 1.1 Short Blades
 - Level 2.6 Dodging
 - Level 4.4 Stealth
 + Level 6.2 Spellcasting
 + Level 6.7 Hexes


You had 9 spell levels left.
You knew the following spells:

 Your Spells              Type           Power      Damage    Failure   Level
a - Ensorcelled Hibernat  Hex/Ice        32%        N/A       4%          2
b - Tukima's Dance        Hex            28%        N/A       2%          3
c - Dazzling Flash        Conj/Hex       32%        N/A       10%         3

Your spell library contained the following spells:

 Spells                   Type           Power      Damage    Failure   Level
 Confusing Touch          Hex            28%        N/A       2%          3
 Beastly Appendage        Tmut           10%        N/A       13%         1
 Static Discharge         Conj/Air       5%         N/A       19%         2
 Wereblood                Tmut           5%         N/A       19%         2
 Conjure Flame            Conj/Fire      5%         6-21      36%         3
 Ignite Poison            Fire/Tmut/Pois 5%         N/A       36%         3
 Spider Form              Tmut/Pois      5%         N/A       36%         3
 Hailstorm                Conj/Ice       5%         3d4       77%         4
 Ice Form                 Ice/Tmut       5%         N/A       77%         4
 Sticky Flame             Conj/Fire      5%         2d3       77%         4
 Simulacrum               Ice/Necr       2%         N/A       100%        6
 Lehudib's Crystal Spear  Conj/Erth      2%         10d2      100%        8


Dungeon Overview and Level Annotations

Branches:
Dungeon (5/15)
 Temple: D:4-7

Altars:
Cheibriados

Shops:
D:4 (**


Innate Abilities, Weirdness & Mutations

You are very small and have problems with some larger weapons.
You are too small for most types of armour.
You have supernaturally acute eyesight. (SInv)
You cover ground extremely quickly. (Speed+++)


Message History

You are too injured to fight recklessly!
You are too injured to fight recklessly!
You are too injured to fight recklessly!
You hit the water moccasin skeleton but do no damage.
The water moccasin skeleton is heavily damaged.
The hound skeleton misses you.
The water moccasin skeleton closely misses you.
The hound skeleton closely misses you.
You hit the water moccasin skeleton but do no damage.
The water moccasin skeleton is heavily damaged.
The water moccasin skeleton bites you. The hound skeleton closely misses you.
You barely miss the water moccasin skeleton.
The water moccasin skeleton is heavily damaged.
The water moccasin skeleton bites you. The hound skeleton misses you.
You hit the water moccasin skeleton.
The water moccasin skeleton is heavily damaged.
The water moccasin skeleton completely misses you.
The hound skeleton completely misses you.
You closely miss the water moccasin skeleton.
The water moccasin skeleton is heavily damaged.
The water moccasin skeleton misses you.
The hound skeleton completely misses you.
You hit the water moccasin skeleton.
The water moccasin skeleton is severely damaged.
The hound skeleton bites you but does no damage.
The water moccasin skeleton bites you.
* * * LOW HITPOINT WARNING * * *
The hound skeleton closely misses you.
You closely miss the water moccasin skeleton.
The water moccasin skeleton is severely damaged.
The water moccasin skeleton barely misses you.
The hound skeleton completely misses you.
The water moccasin skeleton barely misses you.
You hit the water moccasin skeleton.
The water moccasin skeleton is severely damaged.
The hound skeleton closely misses you. The water moccasin skeleton misses you.
You hit the water moccasin skeleton.
The water moccasin skeleton is severely damaged.
The hound skeleton misses you. The water moccasin skeleton bites you.
You die...

#.............
#..>..........
#.............
.......
#.............
.......
#.............
.......
##............
.......
##.....Z.......
.....
##......@Z......
..[##..#............
#.#!.##............
#...#####..........
##.## ##.........
##.# ###...#### #..#
#### ######.##
.......##


You could see a water moccasin skeleton and a hound skeleton.

Vanquished Creatures
  A black bear (D:4)
  A gnoll shaman (D:4)
  An iguana (D:4)
  An orc wizard (D:3)
  2 gnolls (D:4)
  2 adders
  An adder skeleton (D:4)
  A worm (D:2)
  A dart slug (D:4)
  7 orcs
  2 bats (D:1)
  8 endoplasms
  3 giant cockroaches
  4 goblins
  3 hobgoblins
  2 jackals (D:3)
  4 quokkas
  4 ball pythons
  4 frilled lizards (D:1)
  9 kobolds
  4 rats
65 creatures vanquished.

Vanquished Creatures (collateral kills)
  An ogre (D:4)
  A gnoll (D:4)
2 creatures vanquished.

Vanquished Creatures (others)
  3 dancing weapons
  A plant (D:4)
4 creatures vanquished.

Grand Total: 71 creatures vanquished

Notes
Turn   | Place    | Note
-------+----------+-------------------------------------------
     0 | D:1      | knfr the Spriggan Enchanter began the quest for the Orb.
     0 | D:1      | Reached XP level 1. HP: 9/9 MP: 5/5
   436 | D:1      | Reached XP level 2. HP: 13/13 MP: 7/7
   439 | D:1      | Learned a level 2 spell: Ensorcelled Hibernation
  2073 | D:2      | Got Hoagimoi's Tome of Damage Dealing
  2239 | D:2      | Reached XP level 3. HP: 16/16 MP: 9/9
  2246 | D:2      | Learned a level 3 spell: Tukima's Dance
  2250 | D:2      | Learned a level 3 spell: Dazzling Flash
  2396 | D:2      | Found a snail-covered altar of Cheibriados.
  3100 | D:3      | Reached skill level 5 in Hexes
  3100 | D:3      | Reached XP level 4. HP: 19/21 MP: 3/11
  4040 | D:4      | Found Sucum's Weapon Boutique.
  4116 | D:4      | Noticed a black bear
  4178 | D:4      | Found Seugreju's Assorted Antiques.
  4208 | D:4      | Bought a scroll labelled OCLECS IMAOL for 27 gold pieces
  4208 | D:4      | Bought a fizzy orange potion for 24 gold pieces
  4208 | D:4      | Bought a scroll labelled OCLECS IMAOL for 27 gold pieces
  4208 | D:4      | Bought a scroll labelled NEATEOPLOE for 27 gold pieces
  4657 | D:4      | Identified the +7 trident "Goew" {protect, Fly}
  4662 | D:4      | Reached XP level 5. HP: 24/24 MP: 8/13
  4735 | D:4      | Found Terus's Assorted Antiques.
  4743 | D:4      | Bought a viscous coppery potion for 23 gold pieces
  4743 | D:4      | Bought a scroll labelled AMAUQU MEIJINE for 26 gold pieces
  4776 | D:4      | Noticed an ogre
  4794 | D:4      | Killed an ogre
  4795 | D:4      | Reached skill level 5 in Spellcasting
  5642 | D:4      | Reached XP level 6. HP: 9/28 MP: 10/15
  5646 | D:4      | Bought a scroll labelled ZUPAREBLYU for 26 gold pieces
  6130 | D:5      | Entered Level 5 of the Dungeon
  6200 | D:5      | Slain by a water moccasin skeleton

Illustrated notes

Levels and vault maps discovered:
D:1:      lemuel_arrival_muddy, layout_loops_ring
D:2:      layout_basic, basic_altar
D:3:      layout_basic
D:4:      layout_basic, serial_shops, shop, nicolae_shop_overgrown_old_shop,
          shop, minmay_fountain_box
D:5:      layout_cave_pods, minmay_temple_entry_sparse_star, serial_shops, shop

Skill      XL: |  1  2  3  4  5  6 |
---------------+-------------------+-----
Spellcasting   | 3 4 5 6 |  6.2
Hexes          | 4 5 6 |  6.7
Short Blades   | |  1.1
Dodging        | |  2.6
Stealth        | |  4.4

Action                   |  1- 3 |  4- 6 || total
-------------------------+-------+-------++-------
Melee: Dagger            |   108 |   187 ||   295
 Cast: Ensorcelled Hiber |    23 |    27 ||    50
       Tukima's Dance    |       |    11 ||    11
       Dazzling Flash    |       |     4 ||     4
  Use: Scroll            |     2 |     5 ||     7
       Potion            |     1 |     2 ||     3
 Stab: Sleeping          |    21 |    13 ||    34
       Invisible         |       |     2 ||     2
Armor: Robe              |     9 |    14 ||    23
Dodge: Dodged            |    85 |   202 ||   287

Table legend: (Time is in decaauts)
 A = Elapsed time spent in this place.
 B = Non-inter-level travel time spent in this place.
 C = Inter-level travel time spent in this place.
 D = Time resting spent in this place.
 E = Time spent auto-exploring this place.
 F = Levels seen in this place.
 G = Mean time per level.
                   A        B        C        D        E       F      G
               +--------+--------+--------+--------+--------+-----+--------+
         Total |   5212 |   5104 |    108 |   1404 |   2930 |   5 | 1042.4 |
       Dungeon |   5212 |   5104 |    108 |   1404 |   2930 |   5 | 1042.4 |
               +--------+--------+--------+--------+--------+-----+--------+

Top non-repeatable levels by time:
     D:4: 1597 daAuts
     D:1: 1362 daAuts
     D:2: 1158 daAuts
     D:3: 1044 daAuts
     D:5: 49 daAuts
